Patriotes vs Blackdemons
Created - 6 janvier 2013 at 19:48
Goals
|
| Patriotes |
1 |
2 |
1 |
4 |
| Blackdemons |
0 |
2 |
0 |
2 |
|
Shots
|
| Patriotes |
5 |
16 |
8 |
29 |
| Blackdemons |
9 |
17 |
9 |
35 |
|
1st period
1. Patriotes , Andreas Nodl 7 (Jay Harrison, Aaron Ward) at 19:28
Penalties :
Mathieu Perreault (Nyc) for Hooking (Minor) at 15:14, Todd Fedoruk (MJM) for Hooking (Minor) at 17:31, Andrew Gordon (Nyc) for High sticking (Minor) at 17:31
2nd period
2. Blackdemons , Matt Moulson 11 (Ladislav Smid) at 4:09
3. Blackdemons , Steve Konowalchuk 2 (Jakub Kindl, Michal Neuvirth) at 5:02
4. Patriotes , Mario Bliznak 2 (Andreas Nodl, T.J Galiardi) at 16:44
5. Patriotes , D.J King 9 (Ben Guite, Ryan Potulny) at 19:21 (PP)
Penalties :
Enver Lisin (MJM) for Boarding (Minor) at 6:01, T.J Galiardi (Nyc) for Tripping (Minor) at 6:01, James Neal (MJM) for Elbowing (Minor) at 19:15
3rd period
6. Patriotes , Ben Guite 6 (Aaron Ward, Ryan Potulny) at 1:42 (PP)
Penalties :
James Neal (MJM) for Charging (Minor) at 1:36, Karl Alzner (MJM) for Interference (Minor) at 1:50, Andrei Zyuzin (Nyc) for Hooking (Minor) at 1:50, Mario Bliznak (Nyc) for Hooking (Minor) at 17:00
Goalie Stats
Joey MacDonald (Nyc), 33 saves from 35 shots - (0,943), W, 9-6-1, 60:00 minutes
Michal Neuvirth (MJM), 25 saves from 29 shots - (0,862), L, 7-3-1, 60:00 minutes
Players Stats for Patriotes
Player Name G A P +/- PIM S H SB GA TA FO MP PP MP PK MP
------------------------------------------------------------------------------------
A.J Thelen 0 0 0 -1 0 3 1 1 2 1 0/0 19:56 0:00 1:47
Aaron Ward 0 2 2 1 0 2 1 3 0 0 0/0 24:47 0:12 2:11
Andreas Nodl 1 1 2 1 0 1 2 0 1 0 0/1 15:26 0:00 1:19
Andrei Zyuzin 0 0 0 -1 2 1 1 1 0 1 0/0 19:21 0:00 1:47
Andrew Gordon 0 0 0 -1 2 3 0 1 0 1 0/0 18:06 0:00 1:19
Ben Guite 1 1 2 0 0 6 1 1 1 0 5/13 24:08 0:12 2:03
Brett Skinner 0 0 0 0 0 1 0 0 0 0 0/0 12:01 0:00 0:00
D.J King 1 0 1 0 0 4 2 1 1 1 3/5 24:18 0:12 2:07
Davis Drewiske 0 0 0 0 0 0 0 0 0 0 0/0 7:01 0:00 0:00
Fedor Fedorov 0 0 0 -1 0 0 1 0 0 1 0/0 16:13 0:00 0:24
Jay Harrison 0 1 1 1 0 5 2 0 1 4 0/0 27:52 0:12 2:11
Lauri Tukonen 0 0 0 0 0 0 0 0 0 0 1/1 7:27 0:00 0:00
Mario Bliznak 1 0 1 0 2 1 0 0 0 0 0/6 14:14 0:00 0:31
Mathieu Perreault 0 0 0 -1 2 1 4 0 0 0 9/15 15:36 0:00 0:00
Matt Niskanen 0 0 0 0 0 0 0 0 0 0 0/0 12:01 0:00 0:00
Matt Watkins 0 0 0 0 0 0 0 0 0 0 0/0 0:28 0:00 0:00
Ryan Potulny 0 2 2 0 0 1 1 0 0 0 11/18 16:12 0:12 0:13
T.J Galiardi 0 1 1 1 2 0 1 0 1 0 1/1 14:53 0:00 0:00
Players Stats for Blackdemons
Player Name G A P +/- PIM S H SB GA TA FO MP PP MP PK MP
------------------------------------------------------------------------------------
Curtis Brown 0 0 0 -2 0 7 4 1 2 0 5/10 15:47 2:13 0:00
Enver Lisin 0 0 0 -1 2 4 1 0 0 1 0/0 15:11 1:45 0:00
Jakub Kindl 0 1 1 1 0 0 1 2 0 0 0/0 18:43 0:00 0:00
James Neal 0 0 0 0 4 1 5 0 0 0 2/2 18:20 2:13 0:00
Karl Alzner 0 0 0 0 2 1 4 0 0 1 0/0 17:31 1:20 0:00
Ladislav Smid 0 1 1 -1 0 1 1 1 0 1 0/0 18:18 0:00 0:12
Mathieu Biron 0 0 0 0 0 0 1 1 3 2 0/0 20:32 2:38 0:12
Matt Moulson 1 0 1 2 0 4 0 0 1 0 0/0 19:37 1:45 0:00
Maxime Macenauer 0 0 0 0 0 0 1 0 0 0 2/5 8:08 0:00 0:00
Michael Peca 0 0 0 0 0 1 3 0 0 0 12/30 19:06 0:00 0:12
Nathan Paetsch 0 0 0 -1 0 2 2 1 1 0 0/0 20:45 1:20 0:00
Radoslav Suchy 0 0 0 1 0 1 2 0 0 1 0/0 24:22 2:38 0:00
Sam Gagner 0 0 0 2 0 0 2 0 0 0 8/12 16:31 1:45 0:00
Stanislav Chistov 0 0 0 -1 0 4 1 0 1 0 1/1 18:44 2:13 0:00
Steve Konowalchuk 1 0 1 -1 0 2 0 1 0 0 0/0 11:45 0:00 0:00
Todd Fedoruk 0 0 0 0 2 4 3 1 0 1 0/0 8:16 0:00 0:00
Tomas Kopecky 0 0 0 2 0 2 3 1 1 0 0/0 14:02 0:00 0:12
Trevor Letowski 0 0 0 0 0 1 4 0 0 0 0/0 8:08 0:00 0:00
3 Stars
1 - Andreas Nodl (Nyc)
2 - Ben Guite (Nyc)
3 - Aaron Ward (Nyc)
Power Play
Patriotes - 2 on 2 Attempt(s) - 100,00%
Blackdemons - 0 on 2 Attempt(s) - 0,00%
Penalty Kill
Patriotes - 2 on 2 Attempt(s) - 100,00%
- Score 0 goal in Penalty Kill
Blackdemons - 0 on 2 Attempt(s) - 0,00%
- Score 0 goal in Penalty Kill
Official
Referees : O'Halloran Dan and Kimmerly Greg
Linesman : Thor Nelson and Greg Devorski
Game Notes
No Game Note
Patriotes
5 vs 5 Forward
Center Left Wing Right Wing Time % Phy DF OF
1 Ryan Potulny D.J King Ben Guite 40 1 2 2
2 Mathieu Perreault Fedor Fedorov Andrew Gordon 30 1 2 2
3 Mario Bliznak T.J Galiardi Andreas Nodl 20 1 2 2
4 Ben Guite D.J King Lauri Tukonen 10 1 2 2
5 vs 5 Defense
Defense Defense Time % Phy DF OF
1 Jay Harrison Aaron Ward 40 1 2 2
2 Andrei Zyuzin A.J Thelen 30 1 2 2
3 Brett Skinner Matt Niskanen 20 1 2 2
4 Davis Drewiske Jay Harrison 10 1 2 2
PowerPlay Forward
Center Left Wing Right Wing Time % Phy DF OF
1 Ryan Potulny D.J King Ben Guite 60 1 2 2
2 Mathieu Perreault Fedor Fedorov Andrew Gordon 40 1 2 2
PowerPlay Defense
Defense Defense Time % Phy DF OF
1 Jay Harrison Aaron Ward 60 1 2 2
2 Andrei Zyuzin A.J Thelen 40 1 2 2
Penalty Kill 4 Players Forward
Center Wing Time % Phy DF OF
1 Ben Guite D.J King 60 1 2 2
2 Andrew Gordon Andreas Nodl 40 1 2 2
Penalty Kill 4 Players Defense
Defense Defense Time % Phy DF OF
1 Jay Harrison Aaron Ward 60 1 2 2
2 Andrei Zyuzin A.J Thelen 40 1 2 2
Penalty Kill - 3 Players Forward
Forward Time % Phy DF OF
1 Ben Guite 60 1 2 2
2 D.J King 40 1 2 2
Penalty Kill - 3 Players Defense
Defense Defense Time % Phy DF OF
1 Jay Harrison Aaron Ward 60 1 2 2
2 Andrei Zyuzin A.J Thelen 40 1 2 2
4 vs 4 Forward
Center Wing Time % Phy DF OF
1 Ben Guite D.J King 60 1 2 2
2 Andrew Gordon Andreas Nodl 40 1 2 2
4 vs 4 Defense
Defense Defense Time % Phy DF OF
1 Jay Harrison Aaron Ward 60 1 2 2
2 Andrei Zyuzin A.J Thelen 40 1 2 2
Last Minutes Offensive
Center Left Wing Right Wing Defense Defense
Ryan Potulny D.J King Ben Guite Jay Harrison Aaron Ward
Last Minutes Defensive
Center Left Wing Right Wing Defense Defense
Ryan Potulny D.J King Ben Guite Jay Harrison Aaron Ward
Goaltenders
Starting : Joey MacDonald
Backup : Leland Irving
Extra Forwards
Normal : T.J Galiardi, Lauri Tukonen, Mario Bliznak - PP : T.J Galiardi, Lauri Tukonen - PK : Mario Bliznak
Extra Defensemen
Normal : Brett Skinner, Matt Niskanen, Davis Drewiske - PP : Brett Skinner - PK : Matt Niskanen, Davis Drewiske
Penalty Shots
Ben Guite, D.J King, Andrew Gordon, Andreas Nodl, Fedor Fedorov
Blackdemons
5 vs 5 Forward
Center Left Wing Right Wing Time % Phy DF OF
1 Michael Peca James Neal Stanislav Chistov 34 1 2 2
2 Sam Gagner Matt Moulson Tomas Kopecky 30 1 2 2
3 Curtis Brown Steve Konowalchuk Enver Lisin 26 0 2 3
4 Maxime Macenauer Todd Fedoruk Trevor Letowski 10 0 4 1
5 vs 5 Defense
Defense Defense Time % Phy DF OF
1 Radoslav Suchy Jakub Kindl 38 1 3 1
2 Karl Alzner Nathan Paetsch 34 0 4 1
3 Ladislav Smid Mathieu Biron 28 1 3 1
4 Ladislav Smid Mathieu Biron 0 0 5 0
PowerPlay Forward
Center Left Wing Right Wing Time % Phy DF OF
1 Curtis Brown James Neal Stanislav Chistov 60 1 2 2
2 Sam Gagner Matt Moulson Enver Lisin 40 1 2 2
PowerPlay Defense
Defense Defense Time % Phy DF OF
1 Radoslav Suchy Mathieu Biron 60 0 2 3
2 Karl Alzner Nathan Paetsch 40 0 2 3
Penalty Kill 4 Players Forward
Center Wing Time % Phy DF OF
1 Michael Peca Tomas Kopecky 60 2 3 0
2 Curtis Brown Steve Konowalchuk 40 1 4 0
Penalty Kill 4 Players Defense
Defense Defense Time % Phy DF OF
1 Ladislav Smid Mathieu Biron 60 1 4 0
2 Radoslav Suchy Nathan Paetsch 40 1 4 0
Penalty Kill - 3 Players Forward
Forward Time % Phy DF OF
1 Michael Peca 60 0 5 0
2 Curtis Brown 40 0 5 0
Penalty Kill - 3 Players Defense
Defense Defense Time % Phy DF OF
1 Ladislav Smid Mathieu Biron 60 1 4 0
2 Radoslav Suchy Nathan Paetsch 40 0 5 0
4 vs 4 Forward
Center Wing Time % Phy DF OF
1 Michael Peca Matt Moulson 60 1 2 2
2 Curtis Brown Stanislav Chistov 40 1 2 2
4 vs 4 Defense
Defense Defense Time % Phy DF OF
1 Ladislav Smid Nathan Paetsch 60 1 3 1
2 Radoslav Suchy Mathieu Biron 40 1 3 1
Last Minutes Offensive
Center Left Wing Right Wing Defense Defense
Curtis Brown Matt Moulson Enver Lisin Radoslav Suchy Nathan Paetsch
Last Minutes Defensive
Center Left Wing Right Wing Defense Defense
Michael Peca Matt Moulson Tomas Kopecky Ladislav Smid Radoslav Suchy
Goaltenders
Starting : Michal Neuvirth
Backup : Jason LaBarbera
Extra Forwards
Normal : James Neal, Enver Lisin, Sam Gagner - PP : Todd Fedoruk, Tomas Kopecky - PK : Matt Moulson
Extra Defensemen
Normal : Jakub Kindl, Karl Alzner, Nathan Paetsch - PP : Jakub Kindl - PK : Jakub Kindl, Karl Alzner
Penalty Shots
Stanislav Chistov, Enver Lisin, Matt Moulson, Michael Peca, James Neal
% Time on Ice - Patriotes
Lines # - Real PCT - Wanted PCT - Time Play
Normal Forward
1 - 35% - 40% - 17:29
2 - 32% - 30% - 16:05
3 - 25% - 20% - 12:14
4 - 8% - 10% - 4:05
Normal Defense
1 - 37% - 40% - 18:33
2 - 31% - 30% - 15:26
3 - 22% - 20% - 10:59
4 - 10% - 10% - 4:55
PP Forward
1 - 100% - 60% - 0:12
2 - 0% - 40% - 0:00
PP Defense
1 - 100% - 60% - 0:12
2 - 0% - 40% - 0:00
PK Forward
1 - 67% - 60% - 2:39
2 - 33% - 40% - 1:19
PK Defense
1 - 55% - 60% - 2:11
2 - 45% - 40% - 1:47
PK3 Forward
1 - 0% - 60%
2 - 0% - 40%
PK3 Defense
1 - 0% - 60%
2 - 0% - 40%
44 Forward
1 - 68% - 60% - 4:04
2 - 32% - 40% - 1:53
44 Defense
1 - 60% - 60% - 3:33
2 - 40% - 40% - 2:24
Last Minute Offensive - 0:00
Last Minute Defensive - 0:00
Total
Forward - 60:00
Defense - 60:00
|
% Time on Ice - Blackdemons
Lines # - Real PCT - Wanted PCT - Time Play
Normal Forward
1 - 33% - 34% - 16:32
2 - 27% - 30% - 13:35
3 - 23% - 26% - 11:38
4 - 16% - 10% - 8:08
Normal Defense
1 - 38% - 38% - 19:09
2 - 33% - 34% - 16:36
3 - 27% - 28% - 13:39
4 - 1% - 0% - 0:29
PP Forward
1 - 56% - 60% - 2:13
2 - 44% - 40% - 1:45
PP Defense
1 - 66% - 60% - 2:38
2 - 34% - 40% - 1:20
PK Forward
1 - 100% - 60% - 0:12
2 - 0% - 40% - 0:00
PK Defense
1 - 100% - 60% - 0:12
2 - 0% - 40% - 0:00
PK3 Forward
1 - 0% - 60%
2 - 0% - 40%
PK3 Defense
1 - 0% - 60%
2 - 0% - 40%
44 Forward
1 - 69% - 60% - 4:08
2 - 31% - 40% - 1:49
44 Defense
1 - 64% - 60% - 3:49
2 - 36% - 40% - 2:08
Last Minute Offensive - 0:00
Last Minute Defensive - 0:00
Total
Forward - 60:00
Defense - 60:00
|
Play by Play
1st period
0:01 of 1st period - Ryan Potulny wins face-off versus Michael Peca in neutral zone.
0:08 of 1st period - D.J King is hit by Radoslav Suchy and loses puck.
0:27 of 1st period - Fedor Fedorov is hit by Tomas Kopecky and loses puck.
0:48 of 1st period - Slapshot by Curtis Brown.
0:48 of 1st period - Stopped by Joey MacDonald without a rebound.
0:49 of 1st period - Curtis Brown wins face-off versus Mario Bliznak in Patriotes zone.
0:54 of 1st period - Wrist shot by Steve Konowalchuk.
0:54 of 1st period - Deflect By Curtis Brown.
0:54 of 1st period - Stopped by Joey MacDonald with a rebound.
1:33 of 1st period - Andrei Zyuzin is hit by Enver Lisin and loses puck.
1:46 of 1st period - Snap shot by Enver Lisin.
1:46 of 1st period - Shot Misses the Net.
2:38 of 1st period - Wrist shot by Curtis Brown.
2:38 of 1st period - Shot Blocked by Andrei Zyuzin.
2:40 of 1st period - Snap shot by Enver Lisin.
2:40 of 1st period - Stopped by Joey MacDonald with a rebound.
2:42 of 1st period - Slapshot by Radoslav Suchy.
2:42 of 1st period - Shot Blocked by A.J Thelen.
2:44 of 1st period - Snap shot by Radoslav Suchy.
2:44 of 1st period - Deflect By Enver Lisin.
2:44 of 1st period - Shot Misses the Net.
2:44 of 1st period - Puck is out of play.
2:45 of 1st period - Ryan Potulny wins face-off versus Michael Peca in Patriotes zone.
2:56 of 1st period - Ben Guite is hit by Michael Peca.
3:39 of 1st period - Wrist shot by Trevor Letowski.
3:39 of 1st period - Shot Misses the Net.
3:41 of 1st period - Snap shot by Trevor Letowski.
3:41 of 1st period - Shot Hit the Post.
3:43 of 1st period - Wrist shot by Trevor Letowski.
3:43 of 1st period - Stopped by Joey MacDonald with a rebound.
3:53 of 1st period - Stanislav Chistov is hit by Mathieu Perreault and loses puck.
4:33 of 1st period - Lauri Tukonen is hit by Karl Alzner and loses puck.
4:50 of 1st period - Aaron Ward is hit by James Neal and loses puck.
7:25 of 1st period - A.J Thelen is hit by Tomas Kopecky and loses puck.
8:41 of 1st period - Davis Drewiske is hit by Sam Gagner and loses puck.
8:56 of 1st period - James Neal is hit by D.J King and loses puck.
9:09 of 1st period - Brett Skinner is hit by Todd Fedoruk and loses puck.
9:52 of 1st period - Mario Bliznak is hit by Karl Alzner and loses puck.
11:19 of 1st period - Karl Alzner is hit by A.J Thelen and loses puck.
11:56 of 1st period - Ladislav Smid is hit by Ryan Potulny and loses puck.
12:07 of 1st period - Ben Guite is hit by Trevor Letowski and loses puck.
12:28 of 1st period - A.J Thelen is hit by Curtis Brown.
12:51 of 1st period - Wrist shot by James Neal.
12:51 of 1st period - Shot Misses the Net.
13:10 of 1st period - Icing by Sam Gagner.
13:11 of 1st period - Ben Guite wins face-off versus Maxime Macenauer in Blackdemons zone.
14:43 of 1st period - Wrist shot by Tomas Kopecky.
14:43 of 1st period - Stopped by Joey MacDonald without a rebound.
14:44 of 1st period - Ben Guite wins face-off versus Michael Peca in Patriotes zone.
14:59 of 1st period - Wrist shot by Matt Moulson.
14:59 of 1st period - Stopped by Joey MacDonald without a rebound.
15:00 of 1st period - Mathieu Perreault wins face-off versus Sam Gagner in Patriotes zone.
15:14 of 1st period - Minor Penalty to Mathieu Perreault for Hooking.
15:15 of 1st period - Curtis Brown wins face-off versus Ben Guite in Patriotes zone.
15:16 of 1st period - Snap shot by Stanislav Chistov.
15:16 of 1st period - Deflect By D.J King.
15:16 of 1st period - Shot Misses the Net.
15:16 of 1st period - Puck is out of play.
15:17 of 1st period - D.J King wins face-off versus Curtis Brown in Patriotes zone.
16:02 of 1st period - Andrei Zyuzin is hit by James Neal and loses puck.
16:47 of 1st period - Slapshot by A.J Thelen.
16:47 of 1st period - Deflect By Matt Moulson.
16:47 of 1st period - Stopped by Michal Neuvirth with a rebound.
16:59 of 1st period - Wrist shot by Andreas Nodl.
16:59 of 1st period - Shot Misses the Net.
17:05 of 1st period - Andreas Nodl is hit by James Neal and loses puck.
17:14 of 1st period - Penalty to Mathieu Perreault is over, Mathieu Perreault is back on ice.
17:30 of 1st period - Snap shot by Todd Fedoruk.
17:30 of 1st period - Stopped by Joey MacDonald without a rebound.
17:31 of 1st period - Mathieu Perreault wins face-off versus Maxime Macenauer in Patriotes zone.
17:31 of 1st period - Minor Penalty to Todd Fedoruk for Hooking.
17:31 of 1st period - Minor Penalty to Andrew Gordon for High sticking.
17:32 of 1st period - Michael Peca wins face-off versus D.J King in Patriotes zone.
17:39 of 1st period - Wrist shot by Matt Moulson.
17:39 of 1st period - Deflect By Ben Guite.
17:39 of 1st period - Stopped by Joey MacDonald without a rebound.
17:40 of 1st period - Ben Guite wins face-off versus Michael Peca in Patriotes zone.
17:49 of 1st period - Slapshot by Jay Harrison.
17:49 of 1st period - Stopped by Michal Neuvirth with a rebound.
17:54 of 1st period - Off-side.
17:55 of 1st period - Michael Peca wins face-off versus Ben Guite in neutral zone.
18:26 of 1st period - Slapshot by Nathan Paetsch.
18:26 of 1st period - Stopped by Joey MacDonald without a rebound.
18:27 of 1st period - T.J Galiardi wins face-off versus Curtis Brown in Patriotes zone.
18:38 of 1st period - Andrei Zyuzin is hit by Radoslav Suchy and loses puck.
18:53 of 1st period - Michael Peca is hit by D.J King and loses puck.
19:28 of 1st period - Slapshot by Andreas Nodl.
19:28 of 1st period - Goal by Andreas Nodl - Patriotes : 1 - Blackdemons : 0.
19:29 of 1st period - D.J King wins face-off versus Michael Peca in neutral zone.
19:31 of 1st period - Penalty to Todd Fedoruk is over, Todd Fedoruk is back on ice.
19:31 of 1st period - Penalty to Andrew Gordon is over, Andrew Gordon is back on ice.
19:39 of 1st period - Off-side.
19:40 of 1st period - Mathieu Perreault wins face-off versus Michael Peca in neutral zone.
19:53 of 1st period - Snap shot by Fedor Fedorov.
19:53 of 1st period - Shot Misses the Net.
19:55 of 1st period - Wrist shot by Jay Harrison.
19:55 of 1st period - Stopped by Michal Neuvirth without a rebound.
19:56 of 1st period - D.J King wins face-off versus Sam Gagner in Blackdemons zone.
19:57 of 1st period - Wrist shot by Ben Guite.
19:57 of 1st period - Stopped by Michal Neuvirth with a rebound.
2nd period
0:01 of 2nd period - Ryan Potulny wins face-off versus Michael Peca in neutral zone.
0:06 of 2nd period - Slapshot by Jay Harrison.
0:06 of 2nd period - Shot Blocked by Nathan Paetsch.
0:08 of 2nd period - Wrist shot by Ben Guite.
0:08 of 2nd period - Deflect By D.J King.
0:08 of 2nd period - Stopped by Michal Neuvirth with a rebound.
0:10 of 2nd period - Slapshot by Jay Harrison.
0:10 of 2nd period - Stopped by Michal Neuvirth with a rebound.
0:12 of 2nd period - Snap shot by Ben Guite.
0:12 of 2nd period - Stopped by Michal Neuvirth without a rebound.
0:13 of 2nd period - Ryan Potulny wins face-off versus Michael Peca in Blackdemons zone.
1:02 of 2nd period - Off-side.
1:03 of 2nd period - Michael Peca wins face-off versus Mario Bliznak in neutral zone.
1:05 of 2nd period - Off-side.
1:06 of 2nd period - Michael Peca wins face-off versus Mario Bliznak in neutral zone.
1:31 of 2nd period - Snap shot by Matt Moulson.
1:31 of 2nd period - Shot Blocked by D.J King.
1:57 of 2nd period - Wrist shot by Curtis Brown.
1:57 of 2nd period - Stopped by Joey MacDonald with a rebound.
2:39 of 2nd period - Ryan Potulny is hit by Trevor Letowski and loses puck.
2:48 of 2nd period - Slapshot by Todd Fedoruk.
2:48 of 2nd period - Stopped by Joey MacDonald with a rebound.
3:00 of 2nd period - Icing by Tomas Kopecky.
3:01 of 2nd period - Sam Gagner wins face-off versus Mathieu Perreault in Blackdemons zone.
3:01 of 2nd period - Sam Gagner is hit by Aaron Ward.
3:18 of 2nd period - Icing by Aaron Ward.
3:19 of 2nd period - Michael Peca wins face-off versus Ryan Potulny in Patriotes zone.
3:32 of 2nd period - Wrist shot by Stanislav Chistov.
3:32 of 2nd period - Stopped by Joey MacDonald with a rebound.
3:43 of 2nd period - Slapshot by Jay Harrison.
3:43 of 2nd period - Shot Blocked by Jakub Kindl.
3:49 of 2nd period - Slapshot by D.J King.
3:49 of 2nd period - Stopped by Michal Neuvirth without a rebound.
3:50 of 2nd period - Mathieu Perreault wins face-off versus Sam Gagner in Blackdemons zone.
3:57 of 2nd period - Icing by Mathieu Biron.
3:58 of 2nd period - Sam Gagner wins face-off versus Mathieu Perreault in Blackdemons zone.
4:09 of 2nd period - Wrist shot by Matt Moulson.
4:09 of 2nd period - Goal by Matt Moulson - Patriotes : 1 - Blackdemons : 1.
4:10 of 2nd period - Michael Peca wins face-off versus Ryan Potulny in neutral zone.
4:35 of 2nd period - Jakub Kindl is hit by Mathieu Perreault and loses puck.
5:02 of 2nd period - Wrist shot by Steve Konowalchuk.
5:02 of 2nd period - Goal by Steve Konowalchuk - Patriotes : 1 - Blackdemons : 2.
5:03 of 2nd period - Michael Peca wins face-off versus Ryan Potulny in neutral zone.
5:41 of 2nd period - Tomas Kopecky is hit by Fedor Fedorov and loses puck.
6:01 of 2nd period - Minor Penalty to Enver Lisin for Boarding.
6:01 of 2nd period - Minor Penalty to T.J Galiardi for Tripping.
6:02 of 2nd period - Michael Peca wins face-off versus D.J King in Blackdemons zone.
6:15 of 2nd period - Snap shot by Ben Guite.
6:15 of 2nd period - Stopped by Michal Neuvirth without a rebound.
6:16 of 2nd period - Michael Peca wins face-off versus Ben Guite in Blackdemons zone.
6:16 of 2nd period - Michael Peca is hit by Jay Harrison.
6:28 of 2nd period - Slapshot by Matt Moulson.
6:28 of 2nd period - Shot Blocked by Ben Guite.
6:30 of 2nd period - Slapshot by Nathan Paetsch.
6:30 of 2nd period - Shot Misses the Net.
6:32 of 2nd period - Slapshot by Michael Peca.
6:32 of 2nd period - Shot Misses the Net.
7:00 of 2nd period - Wrist shot by Stanislav Chistov.
7:00 of 2nd period - Deflect By Curtis Brown.
7:00 of 2nd period - Stopped by Joey MacDonald without a rebound.
7:01 of 2nd period - Michael Peca wins face-off versus Ben Guite in Patriotes zone.
7:02 of 2nd period - Wrist shot by Matt Moulson.
7:02 of 2nd period - Shot Misses the Net.
8:01 of 2nd period - Penalty to Enver Lisin is over, Enver Lisin is back on ice.
8:01 of 2nd period - Penalty to T.J Galiardi is over, T.J Galiardi is back on ice.
8:12 of 2nd period - Wrist shot by James Neal.
8:12 of 2nd period - Stopped by Joey MacDonald with a rebound.
8:24 of 2nd period - Wrist shot by Enver Lisin.
8:24 of 2nd period - Stopped by Joey MacDonald with a rebound.
8:45 of 2nd period - Off-side.
8:46 of 2nd period - Maxime Macenauer wins face-off versus Mathieu Perreault in neutral zone.
8:58 of 2nd period - Wrist shot by Trevor Letowski.
8:58 of 2nd period - Shot Blocked by Andrew Gordon.
9:00 of 2nd period - Snap shot by Maxime Macenauer.
9:00 of 2nd period - Shot Misses the Net.
9:02 of 2nd period - Slapshot by Nathan Paetsch.
9:02 of 2nd period - Deflect By Todd Fedoruk.
9:02 of 2nd period - Shot Misses the Net.
9:02 of 2nd period - Puck is out of play.
9:03 of 2nd period - Mathieu Perreault wins face-off versus Curtis Brown in Patriotes zone.
9:03 of 2nd period - Mathieu Perreault is hit by Karl Alzner.
9:19 of 2nd period - Curtis Brown is hit by Mathieu Perreault and loses puck.
9:50 of 2nd period - Wrist shot by Michael Peca.
9:50 of 2nd period - Stopped by Joey MacDonald without a rebound.
9:51 of 2nd period - Ryan Potulny wins face-off versus Michael Peca in Patriotes zone.
10:06 of 2nd period - Slapshot by Radoslav Suchy.
10:06 of 2nd period - Deflect By Mario Bliznak.
10:06 of 2nd period - Stopped by Joey MacDonald without a rebound.
10:07 of 2nd period - Sam Gagner wins face-off versus Mario Bliznak in Patriotes zone.
10:20 of 2nd period - Radoslav Suchy is hit by Andreas Nodl and loses puck.
10:31 of 2nd period - Andrew Gordon is hit by James Neal and loses puck.
10:44 of 2nd period - Wrist shot by Michael Peca.
10:44 of 2nd period - Shot Misses the Net.
11:03 of 2nd period - Ryan Potulny is hit by Nathan Paetsch and loses puck.
11:24 of 2nd period - Snap shot by Todd Fedoruk.
11:24 of 2nd period - Stopped by Joey MacDonald without a rebound.
11:25 of 2nd period - Michael Peca wins face-off versus Mathieu Perreault in Patriotes zone.
12:27 of 2nd period - A.J Thelen is hit by Curtis Brown and loses puck.
12:46 of 2nd period - Snap shot by Trevor Letowski.
12:46 of 2nd period - Deflect By Todd Fedoruk.
12:46 of 2nd period - Stopped by Joey MacDonald with a rebound.
12:48 of 2nd period - Slapshot by Karl Alzner.
12:48 of 2nd period - Stopped by Joey MacDonald with a rebound.
12:58 of 2nd period - Andrei Zyuzin is hit by Michael Peca and loses puck.
13:45 of 2nd period - Slapshot by Steve Konowalchuk.
13:45 of 2nd period - Stopped by Joey MacDonald with a rebound.
14:08 of 2nd period - Brett Skinner is hit by Trevor Letowski and loses puck.
14:25 of 2nd period - Backhand shot by Ben Guite.
14:25 of 2nd period - Stopped by Michal Neuvirth with a rebound.
14:27 of 2nd period - Slapshot by Aaron Ward.
14:27 of 2nd period - Stopped by Michal Neuvirth with a rebound.
14:29 of 2nd period - Slapshot by Jay Harrison.
14:29 of 2nd period - Stopped by Michal Neuvirth without a rebound.
14:30 of 2nd period - Ryan Potulny wins face-off versus Michael Peca in Blackdemons zone.
14:31 of 2nd period - Wrist shot by D.J King.
14:31 of 2nd period - Shot Misses the Net.
14:37 of 2nd period - D.J King is hit by Mathieu Biron and loses puck.
14:50 of 2nd period - Wrist shot by Michael Peca.
14:50 of 2nd period - Shot Misses the Net.
14:52 of 2nd period - Slapshot by Mathieu Biron.
14:52 of 2nd period - Shot Misses the Net.
15:27 of 2nd period - Icing by Matt Moulson.
15:28 of 2nd period - Sam Gagner wins face-off versus Ryan Potulny in Blackdemons zone.
15:41 of 2nd period - Snap shot by Enver Lisin.
15:41 of 2nd period - Stopped by Joey MacDonald with a rebound.
15:43 of 2nd period - Snap shot by Enver Lisin.
15:43 of 2nd period - Stopped by Joey MacDonald without a rebound.
15:44 of 2nd period - Sam Gagner wins face-off versus Mathieu Perreault in Patriotes zone.
15:47 of 2nd period - Slapshot by Matt Moulson.
15:47 of 2nd period - Shot Blocked by Aaron Ward.
16:16 of 2nd period - Stanislav Chistov is hit by Ben Guite and loses puck.
16:40 of 2nd period - Slapshot by Andreas Nodl.
16:40 of 2nd period - Shot Blocked by Curtis Brown.
16:42 of 2nd period - Wrist shot by Andreas Nodl.
16:42 of 2nd period - Shot Blocked by Steve Konowalchuk.
16:44 of 2nd period - Wrist shot by Mario Bliznak.
16:44 of 2nd period - Goal by Mario Bliznak - Patriotes : 2 - Blackdemons : 2.
16:45 of 2nd period - Sam Gagner wins face-off versus Ryan Potulny in neutral zone.
16:52 of 2nd period - Snap shot by Sam Gagner.
16:52 of 2nd period - Shot Misses the Net.
16:58 of 2nd period - Slapshot by Aaron Ward.
16:58 of 2nd period - Deflect By Ryan Potulny.
16:58 of 2nd period - Stopped by Michal Neuvirth without a rebound.
16:59 of 2nd period - Ryan Potulny wins face-off versus Michael Peca in Blackdemons zone.
17:27 of 2nd period - Icing by Tomas Kopecky.
17:28 of 2nd period - Mathieu Perreault wins face-off versus Sam Gagner in Blackdemons zone.
17:49 of 2nd period - Slapshot by Andrew Gordon.
17:49 of 2nd period - Stopped by Michal Neuvirth with a rebound.
17:51 of 2nd period - Snap shot by Fedor Fedorov.
17:51 of 2nd period - Deflect By Mathieu Perreault.
17:51 of 2nd period - Shot Blocked by Jakub Kindl.
17:51 of 2nd period - Puck is out of play.
17:52 of 2nd period - Curtis Brown wins face-off versus Ryan Potulny in Blackdemons zone.
18:03 of 2nd period - Wrist shot by Curtis Brown.
18:03 of 2nd period - Shot Misses the Net.
18:05 of 2nd period - Snap shot by Curtis Brown.
18:05 of 2nd period - Stopped by Joey MacDonald without a rebound.
18:06 of 2nd period - Ryan Potulny wins face-off versus Michael Peca in Patriotes zone.
18:06 of 2nd period - Ryan Potulny is hit by Michael Peca.
18:46 of 2nd period - Wrist shot by Sam Gagner.
18:46 of 2nd period - Deflect By Matt Moulson.
18:46 of 2nd period - Shot Misses the Net.
18:46 of 2nd period - Puck is out of play.
18:47 of 2nd period - Mathieu Perreault wins face-off versus Curtis Brown in Patriotes zone.
18:55 of 2nd period - Snap shot by A.J Thelen.
18:55 of 2nd period - Shot Blocked by Ladislav Smid.
18:59 of 2nd period - Slapshot by A.J Thelen.
18:59 of 2nd period - Shot Misses the Net.
19:01 of 2nd period - Slapshot by Andrei Zyuzin.
19:01 of 2nd period - Stopped by Michal Neuvirth with a rebound.
19:03 of 2nd period - Wrist shot by Andrew Gordon.
19:03 of 2nd period - Deflect By Mathieu Perreault.
19:03 of 2nd period - Stopped by Michal Neuvirth without a rebound.
19:04 of 2nd period - James Neal wins face-off versus Mario Bliznak in Blackdemons zone.
19:15 of 2nd period - Minor Penalty to James Neal for Elbowing.
19:16 of 2nd period - Ryan Potulny wins face-off versus Michael Peca in Blackdemons zone.
19:17 of 2nd period - Slapshot by D.J King.
19:17 of 2nd period - Shot Misses the Net.
19:19 of 2nd period - Snap shot by Ben Guite.
19:19 of 2nd period - Stopped by Michal Neuvirth with a rebound.
19:21 of 2nd period - Wrist shot by D.J King.
19:21 of 2nd period - Goal by D.J King - Patriotes : 3 - Blackdemons : 2.
19:22 of 2nd period - Sam Gagner wins face-off versus Ben Guite in neutral zone.
19:54 of 2nd period - Slapshot by Aaron Ward.
19:54 of 2nd period - Stopped by Michal Neuvirth without a rebound.
19:55 of 2nd period - Mathieu Perreault wins face-off versus Curtis Brown in Blackdemons zone.
3rd period
0:01 of 3rd period - Curtis Brown wins face-off versus Ryan Potulny in neutral zone.
0:08 of 3rd period - Snap shot by D.J King.
0:08 of 3rd period - Stopped by Michal Neuvirth with a rebound.
0:10 of 3rd period - Slapshot by A.J Thelen.
0:10 of 3rd period - Stopped by Michal Neuvirth without a rebound.
0:11 of 3rd period - Ryan Potulny wins face-off versus Michael Peca in Blackdemons zone.
0:14 of 3rd period - Wrist shot by Ben Guite.
0:14 of 3rd period - Shot Misses the Net.
0:36 of 3rd period - Sam Gagner is hit by Mathieu Perreault and loses puck.
0:47 of 3rd period - Snap shot by Andrew Gordon.
0:47 of 3rd period - Shot Blocked by Tomas Kopecky.
1:21 of 3rd period - Wrist shot by Ben Guite.
1:21 of 3rd period - Deflect By Lauri Tukonen.
1:21 of 3rd period - Shot Blocked by Todd Fedoruk.
1:21 of 3rd period - Puck is out of play.
1:22 of 3rd period - Ben Guite wins face-off versus Maxime Macenauer in Blackdemons zone.
1:23 of 3rd period - Snap shot by A.J Thelen.
1:23 of 3rd period - Stopped by Michal Neuvirth without a rebound.
1:24 of 3rd period - Michael Peca wins face-off versus Ben Guite in Blackdemons zone.
1:36 of 3rd period - Minor Penalty to James Neal for Charging.
1:37 of 3rd period - Ryan Potulny wins face-off versus Michael Peca in Blackdemons zone.
1:38 of 3rd period - Wrist shot by Ben Guite.
1:38 of 3rd period - Shot Misses the Net.
1:40 of 3rd period - Slapshot by Aaron Ward.
1:40 of 3rd period - Shot Misses the Net.
1:42 of 3rd period - Snap shot by Ben Guite.
1:42 of 3rd period - Goal by Ben Guite - Patriotes : 4 - Blackdemons : 2.
1:43 of 3rd period - Sam Gagner wins face-off versus Ben Guite in neutral zone.
1:50 of 3rd period - Minor Penalty to Karl Alzner for Interference.
1:50 of 3rd period - Minor Penalty to Andrei Zyuzin for Hooking.
1:51 of 3rd period - Ben Guite wins face-off versus Michael Peca in Blackdemons zone.
2:28 of 3rd period - Mathieu Biron is hit by Andreas Nodl and loses puck.
2:33 of 3rd period - Backhand shot by Andreas Nodl.
2:33 of 3rd period - Shot Misses the Net.
2:35 of 3rd period - Backhand shot by Jay Harrison.
2:35 of 3rd period - Shot Blocked by Mathieu Biron.
2:37 of 3rd period - Wrist shot by Andrew Gordon.
2:37 of 3rd period - Stopped by Michal Neuvirth with a rebound.
3:07 of 3rd period - Slapshot by Brett Skinner.
3:07 of 3rd period - Stopped by Michal Neuvirth with a rebound.
3:50 of 3rd period - Penalty to Karl Alzner is over, Karl Alzner is back on ice.
3:50 of 3rd period - Penalty to Andrei Zyuzin is over, Andrei Zyuzin is back on ice.
4:19 of 3rd period - Davis Drewiske is hit by Nathan Paetsch and loses puck.
5:05 of 3rd period - Brett Skinner is hit by Jakub Kindl and loses puck.
5:42 of 3rd period - Mario Bliznak is hit by Stanislav Chistov and loses puck.
6:24 of 3rd period - Matt Niskanen is hit by Trevor Letowski and loses puck.
6:39 of 3rd period - Stanislav Chistov is hit by T.J Galiardi and loses puck.
7:53 of 3rd period - Mario Bliznak is hit by Curtis Brown and loses puck.
8:10 of 3rd period - Jay Harrison is hit by Ladislav Smid and loses puck.
8:21 of 3rd period - Backhand shot by Andreas Nodl.
8:21 of 3rd period - Shot Misses the Net.
9:18 of 3rd period - Ryan Potulny is hit by Curtis Brown and loses puck.
10:25 of 3rd period - Icing by Maxime Macenauer.
10:26 of 3rd period - Maxime Macenauer wins face-off versus Mario Bliznak in Blackdemons zone.
10:37 of 3rd period - Stanislav Chistov is hit by Andrei Zyuzin and loses puck.
11:00 of 3rd period - Slapshot by Steve Konowalchuk.
11:00 of 3rd period - Shot Misses the Net.
11:02 of 3rd period - Slapshot by Nathan Paetsch.
11:02 of 3rd period - Stopped by Joey MacDonald with a rebound.
11:04 of 3rd period - Wrist shot by Curtis Brown.
11:04 of 3rd period - Stopped by Joey MacDonald with a rebound.
11:34 of 3rd period - Slapshot by Nathan Paetsch.
11:34 of 3rd period - Deflect By Tomas Kopecky.
11:34 of 3rd period - Stopped by Joey MacDonald without a rebound.
11:35 of 3rd period - James Neal wins face-off versus Mathieu Perreault in Patriotes zone.
11:36 of 3rd period - Backhand shot by Stanislav Chistov.
11:36 of 3rd period - Stopped by Joey MacDonald without a rebound.
11:37 of 3rd period - Mathieu Perreault wins face-off versus Michael Peca in Patriotes zone.
12:33 of 3rd period - Andreas Nodl is hit by Maxime Macenauer.
13:00 of 3rd period - Wrist shot by Aaron Ward.
13:00 of 3rd period - Shot Misses the Net.
13:02 of 3rd period - Slapshot by Jay Harrison.
13:02 of 3rd period - Stopped by Michal Neuvirth with a rebound.
13:04 of 3rd period - Snap shot by Mathieu Perreault.
13:04 of 3rd period - Shot Misses the Net.
13:06 of 3rd period - Snap shot by Andrew Gordon.
13:06 of 3rd period - Stopped by Michal Neuvirth with a rebound.
13:44 of 3rd period - Backhand shot by Tomas Kopecky.
13:44 of 3rd period - Shot Hit the Post.
13:56 of 3rd period - Matt Niskanen is hit by Todd Fedoruk and loses puck.
14:01 of 3rd period - Snap shot by Todd Fedoruk.
14:01 of 3rd period - Shot Misses the Net.
14:03 of 3rd period - Snap shot by Maxime Macenauer.
14:03 of 3rd period - Shot Misses the Net.
14:05 of 3rd period - Snap shot by Trevor Letowski.
14:05 of 3rd period - Shot Misses the Net.
14:07 of 3rd period - Wrist shot by Ladislav Smid.
14:07 of 3rd period - Stopped by Joey MacDonald with a rebound.
15:08 of 3rd period - Fedor Fedorov is hit by Karl Alzner and loses puck.
16:07 of 3rd period - Fedor Fedorov is hit by Tomas Kopecky and loses puck.
16:32 of 3rd period - Ben Guite is hit by Todd Fedoruk and loses puck.
16:45 of 3rd period - Wrist shot by Stanislav Chistov.
16:45 of 3rd period - Stopped by Joey MacDonald without a rebound.
16:46 of 3rd period - Lauri Tukonen wins face-off versus Michael Peca in Patriotes zone.
16:46 of 3rd period - Lauri Tukonen is hit by James Neal.
16:54 of 3rd period - Wrist shot by Michael Peca.
16:54 of 3rd period - Shot Blocked by Aaron Ward.
17:00 of 3rd period - Wrist shot by Stanislav Chistov.
17:00 of 3rd period - Stopped by Joey MacDonald without a rebound.
17:00 of 3rd period - Minor Penalty to Mario Bliznak for Hooking.
17:01 of 3rd period - Stanislav Chistov wins face-off versus Ben Guite in Patriotes zone.
17:02 of 3rd period - Slapshot by Curtis Brown.
17:02 of 3rd period - Shot Misses the Net.
17:04 of 3rd period - Slapshot by Mathieu Biron.
17:04 of 3rd period - Shot Misses the Net.
17:06 of 3rd period - Wrist shot by Curtis Brown.
17:06 of 3rd period - Stopped by Joey MacDonald with a rebound.
17:08 of 3rd period - Slapshot by Radoslav Suchy.
17:08 of 3rd period - Shot Blocked by Aaron Ward.
17:32 of 3rd period - Slapshot by Matt Moulson.
17:32 of 3rd period - Stopped by Joey MacDonald with a rebound.
17:41 of 3rd period - Off-side.
17:42 of 3rd period - Curtis Brown wins face-off versus Andreas Nodl in neutral zone.
18:09 of 3rd period - D.J King is hit by Sam Gagner and loses puck.
18:56 of 3rd period - James Neal is hit by Jay Harrison and loses puck.
19:00 of 3rd period - Penalty to Mario Bliznak is over, Mario Bliznak is back on ice.
Output by the SimonT Hockey Simulator (STHS) for François Prévost -- Original Page W3C XHTML 1.0 Valid